cohdb
Replays
Latest Replays
All Replays
Popular Replays
Top Player Replays
Match Explorer
How It Works
Community
CoH3 Stats
Reddit
Sign in to upload your games and track your stats! →
Sign in with Steam
Match 42690670
Unlisted
Match 42690670
Overview
Messages
Build Orders
End
Kradschützen Motorcycle Team
Panzergrenadier Squad
Selects Italian Infantry
Panzerpioneer Squad
Construct Light Support Kompanie
Panzerjäger Squad
2.5-tonne Medical Truck
Selects Defensive Operations
Construct Mechanized Kompanie
Panzergrenadier Squad
254 Reconnaissance Tractor
Veteran Squad Leaders
Construct Panzerarmee Kommand
Selects Prepared Positions
Assault Mechanized Group
Walking Stuka Rocket Launcher
Flak 36 Anti-tank Gun Team
Vehicle Survival Package
AI Takeover
Doom&Gloom
insane
Silianu
soiweg
WasabiTonnarelli
KINGPINKY
Lumpy P0rk Princess
Madonnes
0
0
Comments
sign in to comment!
No comments posted yet!